Workbook

Sheet Приложение 1
C1: Приложение 1 к решению Совета депутатов Ардатовского сельского поселения Ардатовского муниципального района Республики Мордовия «Об изменении бюджета Ардатовского сельского поселения Ардатовского муниципального района Республики Мордовия на 2023 год и на плановый период 2024 и 2025 годов»
A6: ОБЪЕМ БЕЗВОЗМЕЗДНЫХ ПОСТУПЛЕНИЙ В БЮДЖЕТ АРДАТОВСКОГО СЕЛЬСКОГО ПОСЕЛЕНИЯ АРДАТОВСКОГО МУНИЦИПАЛЬНОГО РАЙОНА РЕСПУБЛИКИ МОРДОВИЯ НА 2023 ГОД И НА ПЛАНОВЫЙ ПЕРИОД 2024 И 2025 ГОДОВ
E7: (тыс. рублей)
A8: Код | B8: Наименование | C8: Сумма
C9: 2023 год | D9: 2024 год | E9: 2025 год
A10: 1 | B10: 2 | C10: 3 | D10: 4 | E10: 5
A11: 2 00 00000 00 0000 000 | B11: БЕЗВОЗМЕЗДНЫЕ ПОСТУПЛЕНИЯ | C11: 1922.5 | D11: =SUM(D12) -> 711.4 | E11: =SUM(E12) -> 712.4 | H11: =G11+C11 -> 1922.5 | I11: ='Приложение 2'!J7 -> 2623.8
A12: 2 02 00000 00 0000 000 | B12: Безвозмездные поступления от других бюджетов бюджетной системы Российской Федерации | C12: 1922.5 | D12: =SUM(D13+D19+D24) -> 711.4 | E12: =SUM(E13+E19+E24) -> 712.4 | H12: =G12+D11 -> 711.4 | I12: ='Приложение 2'!K7 -> 1316.2
A13: 2 02 10000 00 0000 150 | B13: Дотации бюджетам бюджетной системы Российской Федерации | C13: 374.2 | D13: =SUM(D14) -> 423.9 | E13: =SUM(E14) -> 413.6 | H13: =G13+E11 -> 712.4 | I13: ='Приложение 2'!L7 -> 1085.3
A14: 2 02 15001 00 0000 150 | B14: Дотации на выравнивание бюджетной обеспеченности | C14: 374.2 | D14: 423.9 | E14: 413.6
A15: 2 02 15001 10 0000 150 | B15: Дотации бюджетам сельских поселений на выравнивание бюджетной обеспеченности из бюджета субъекта Российской Федерации | C15: 374.2 | D15: 423.9 | E15: 413.6
A16: 2 02 15002 00 0000 150 | B16: Дотации бюджетам на поддержку мер по обеспечению сбалансированности бюджетов | C16: 211
A17: 2 02 15002 10 0000 150 | B17: Дотации бюджетам сельских поселений на поддержку мер по обеспечению сбалансированности бюджетов | C17: 211
A18: 2 02 29999 10 0000 150 | B18: Дотации бюджетам сельских поселений на поддержку мер по обеспечению сбалансированности бюджетов | C18: 557.2
A19: 2 02 30000 00 0000 150 | B19: Субвенции бюджетам бюджетной системы Российской Федерации | C19: 109.6 | D19: 114.7 | E19: 119.1
A20: 2 02 30024 00 0000 150 | B20: Субвенции местным бюджетам на выполнение передаваемых полномочий субъектов Российской Федерации | C20: 0.3 | D20: 0.3 | E20: 0.4
A21: 2 02 30024 10 0000 150 | B21: Субвенции бюджетам сельских поселений на выполнение передаваемых полномочий субъектов Российской Федерации | C21: 0.3 | D21: 0.3 | E21: 0.4
A22: 2 02 35118 00 0000 150 | B22: Субвенции бюджетам на осуществление первичного воинского учета на территориях, где отсутствуют военные комиссариаты | C22: 109.3 | D22: 114.4 | E22: 118.7
A23: 2 02 35118 10 0000 150 | B23: Субвенции бюджетам сельских поселений на осуществление первичного воинского учета на территориях, где отсутствуют военные комиссариаты | C23: 109.3 | D23: 114.4 | E23: 118.7
A24: 2 02 40000 00 0000 150 | B24: Межбюджетные трансферты,передаваемые бюджетам поселений из бюджетов муниципальных районов | C24: 22.5 | D24: 172.8 | E24: 179.7
A25: 2 02 40014 00 0000 150 | B25: Межбюджетные трансферты,передаваемые бюджетам сельских поселений из бюджетов муниципальных районов | C25: 22.5 | D25: 172.8 | E25: 179.7
A26: 2 02 40014 00 0000 150 | B26: Межбюджетные трансферты,передаваемые бюджетам сельских поселений из бюджетов муниципальных районов на осуществление части полномочий по решению вопросов местного значения в соответствии с заключенными договорами | C26: 22.5 | D26: 172.8 | E26: 179.7
A27: 2 02 49999 10 0000 150 | B27: Прочие межбюджетные трансферты, передаваемые бюджетам сельских поселений | C27: 648

Sheet Приложение 2
I1: Приложение 2 к решению Совета депутатов Ардатовского сельского поселения Ардатовского муниципального района Республики Мордовия «Об изменении бюджета Ардатовского сельского поселения Ардатовского муниципального района Республики Мордовия на 2023 год и на плановый период 2024 и 2025 годов»
A2: ВЕДОМСТВЕННАЯ СТРУКТУРА РАСХОДОВ БЮДЖЕТА АРДАТОВСКОГО СЕЛЬСКОГО ПОСЕЛЕНИЯ АРДАТОВСКОГО МУНИЦИПАЛЬНОГО РАЙОНА РЕСПУБЛИКИ МОРДОВИЯ НА 2023 ГОД И НА ПЛАНОВЫЙ ПЕРИОД 2024 И 2025 ГОДОВ
I3: (тыс. рублей)
A4: Наименование | B4: Адм | C4: Рз | D4: Прз | E4: Цср | I4: Вр | J4: Сумма
J5: 2023 год | K5: 2024 год | L5: 2025 год
A6: 1 | B6: 2 | C6: 3 | D6: 4 | E6: 5 | F6: 6 | G6: 7 | H6: 8 | I6: 9 | J6: 10 | K6: 11 | L6: 12
A7: ВСЕГО | J7: 2623.8 | K7: 1316.2 | L7: 1085.3
A8: Администрация Ардатовского сельского поселения Ардатовского муниципального района | B8: 910 | J8: 2623.8 | K8: 1316.2 | L8: 1085.3
A9: Общегосударственные вопросы | B9: 910 | C9: 01 | J9: 1262.4 | K9: 848.7 | L9: 756.6
A10: Функционирование Правительства Российской Федерации, высших исполнительных органов государственной власти субъектов Российской Федерации, местных администраций | B10: 910 | C10: 01 | D10: 04 | J10: 0.3 | K10: =SUM(K11+K16) -> 848.7 | L10: 756.6
A11: Муниципальная программа "Профилактика правонарушений на территории Ардатовского сельского поселения Ардатовского муниципального района республики Мордовия на 2023-2025гг." | B11: 910 | C11: 01 | D11: 04 | E11: 19 | F11: 0 | J11: 0.3 | K11: 0.3 | L11: =SUM(L12) -> 0.4
A12: Основное мероприятие «Обеспечение деятельности должностных лиц уполномоченных составлять протоколы об административных правонарушениях, предусмотренных Законом Республики Мордовия от 15 июня 2015 года № 38-З "Об административной ответственности на территории Республики Мордовия" | B12: 910 | C12: 01 | D12: 04 | E12: 19 | F12: 0 | G12: 03 | J12: =SUM(J13) -> 0.3 | K12: =SUM(K13) -> 0.3 | L12: =SUM(L13) -> 0.4
A13: Осуществление государственных полномочий Республики Мордовия по определению перечня должностных лиц, уполномоченных составлять протоколы об административных правонарушениях, предусмотренных Законом Республики Мордовия от 15 июня 2015 года № 38-З "Об административной ответственности на территории Республики Мордовия" | B13: 910 | C13: 01 | D13: 04 | E13: 19 | F13: 0 | G13: 03 | H13: 77150 | J13: =SUM(J14) -> 0.3 | K13: =SUM(K14) -> 0.3 | L13: =SUM(L14) -> 0.4
A14: Закупка товаров, работ и услуг для обеспечения государственных (муниципальных) нужд | B14: 910 | C14: 01 | D14: 04 | E14: 19 | F14: 0 | G14: 03 | H14: 77150 | I14: 200 | J14: =SUM(J15) -> 0.3 | K14: =SUM(K15) -> 0.3 | L14: =SUM(L15) -> 0.4
A15: Иные закупки товаров, работ и услуг для обеспечения государственных (муниципальных) нужд | B15: 910 | C15: 01 | D15: 04 | E15: 19 | F15: 0 | G15: 03 | H15: 77150 | I15: 240 | J15: 0.3 | K15: 0.3 | L15: 0.4
A16: Обеспечение деятельности Администрации Ардатовского сельского поселения Ардатовского муниципального района Республики Мордовия | B16: 910 | C16: 01 | D16: 02 | E16: 65 | J16: 418.3 | K16: 848.4 | L16: 756.2
A17: Глава Ардатовского сельского поселения | B17: 910 | C17: 01 | D17: 02 | E17: 65 | F17: 1 | G17: 00 | J17: 418.3 | K17: =SUM(K18) -> 344.5 | L17: =SUM(L18) -> 344.5
A18: Расходы на выплаты по оплате труда Главы Ардатовского сельского поселения Ардатовского муниципального района Республики Мордовия | B18: 910 | C18: 01 | D18: 02 | E18: 65 | F18: 1 | G18: 00 | H18: 41150 | J18: =SUM(J19) -> 156.5 | K18: =SUM(K19) -> 344.5 | L18: =SUM(L19) -> 344.5
A19: Расходы на выплаты персоналу в целях обеспечения выполнения функций государственными (муниципальными) органами, казенными учреждениями, органами управления государственными внебюджетными фондами | B19: 910 | C19: 01 | D19: 02 | E19: 65 | F19: 1 | G19: 00 | H19: 41150 | I19: 100 | J19: =SUM(J20) -> 156.5 | K19: =SUM(K20) -> 344.5 | L19: =SUM(L20) -> 344.5
A20: Расходы на выплаты персоналу государственных (муниципальных) органов | B20: 910 | C20: 01 | D20: 02 | E20: 65 | F20: 1 | G20: 00 | H20: 41150 | I20: 120 | J20: 156.5 | K20: 344.5 | L20: 344.5
A21: Фонд оплаты труда государственных (муниципальных) органов | B21: 910 | C21: 01 | D21: 02 | E21: 65 | F21: 1 | G21: 00 | H21: 44205 | I21: 120 | J21: 261.8
A22: Деятельность администрации Ардатовского сельского поселения Ардатовского муниципального района Республики Мордовия | B22: 910 | C22: 01 | D22: 04 | E22: 65 | F22: 2 | G22: 00 | J22: 843.8 | K22: =SUM(K23+K27) -> 478.9 | L22: =SUM(L23+L27) -> 410.7
A23: Расходы на выплаты по оплате труда работников органов местного самоуправления | B23: 910 | C23: 01 | D23: 04 | E23: 65 | F23: 2 | G23: 00 | H23: 41110 | J23: =SUM(J24) -> 271 | K23: =SUM(K24) -> 369.5 | L23: =SUM(L24) -> 369.5
A24: Расходы на выплаты персоналу в целях обеспечения выполнения функций государственными (муниципальными) органами, казенными учреждениями, органами управления государственными внебюджетными фондами | B24: 910 | C24: 01 | D24: 04 | E24: 65 | F24: 2 | G24: 00 | H24: 41110 | I24: 100 | J24: 271 | K24: =SUM(K25) -> 369.5 | L24: =SUM(L25) -> 369.5
A25: Расходы на выплаты персоналу государственных (муниципальных) органов | B25: 910 | C25: 01 | D25: 04 | E25: 65 | F25: 2 | G25: 00 | H25: 41110 | I25: 120 | J25: 271 | K25: 369.5 | L25: 369.5
A26: Фонд оплаты труда государственных (муниципальных) органов | B26: 910 | C26: 01 | D26: 04 | E26: 65 | F26: 2 | G26: 00 | H26: 44205 | I26: 120 | J26: 158.7
A27: Расходы на обеспечение функций органов местного самоуправления | B27: 910 | C27: 01 | D27: 04 | E27: 65 | F27: 2 | G27: 00 | H27: 41120 | J27: 376.5 | K27: 109.4 | L27: 41.2
A28: Закупка товаров, работ и услуг для обеспечения государственных (муниципальных) нужд | B28: 910 | C28: 01 | D28: 04 | E28: 65 | F28: 2 | G28: 00 | H28: 41120 | I28: 200 | J28: =SUM(J29) -> 376.5 | K28: =SUM(K29) -> 109.4 | L28: =SUM(L29) -> 41.2
A29: Иные закупки товаров, работ и услуг для обеспечения государственных (муниципальных) нужд | B29: 910 | C29: 01 | D29: 04 | E29: 65 | F29: 2 | G29: 00 | H29: 41120 | I29: 240 | J29: 376.5 | K29: 109.4 | L29: 41.2
A30: Иные бюджетные ассигнования | B30: 910 | C30: 01 | D30: 04 | E30: 65 | F30: 2 | G30: 00 | H30: 41120 | I30: 800 | J30: 37.6 | K30: =SUM(K32) -> 25 | L30: =SUM(L32) -> 1
A31: Исполнение судебных актов Российской Федерации и мировых соглашений по возмещению причиненного вреда | B31: 910 | C31: 01 | D31: 04 | E31: 65 | F31: 2 | G31: 00 | H31: 41120 | I31: 830 | J31: 6.5
A32: Уплата налогов, сборов и иных платежей | B32: 910 | C32: 01 | D32: 04 | E32: 65 | F32: 2 | G32: 00 | H32: 41120 | I32: 850 | J32: 31.1 | K32: 25 | L32: 1
A33: Прочая закупка товаров, работ и услуг | B33: 910 | C33: 01 | D33: 13 | E33: 89 | F33: 1 | G33: 00 | H33: 42200 | I33: 240 | J33: 10.5
A34: Прочая закупка товаров, работ и услуг | B34: 910 | C34: 01 | D34: 13 | E34: 89 | F34: 1 | G34: 00 | H34: 42370 | I34: 240 | J34: 20
A35: Закупка товаров, работ и услуг для обеспечения государственных (муниципальных) нужд в области геодезии и картографии вне рамок государственного оборонного заказа | B35: 910 | C35: 01 | D35: 13 | E35: 89 | F35: 1 | G35: 00 | H35: 42370 | I35: 240 | J35: 135
A36: Резервные фонды | B36: 910 | C36: 01 | D36: 11 | J36: =SUM(J37) -> 0 | K36: =SUM(K37) -> 0.1 | L36: =SUM(L37) -> 0.1
A37: Непрограммные расходы главных распорядителей средств местного бюджет | B37: 910 | C37: 01 | D37: 11 | E37: 89 | J37: =SUM(J38) -> 0 | K37: =SUM(K38) -> 0.1 | L37: =SUM(L38) -> 0.1
A38: Непрограммные расходы в рамках обеспечения деятельности главных распорядителей средств местного бюджета | B38: 910 | C38: 01 | D38: 11 | E38: 89 | F38: 1 | G38: 00 | J38: =SUM(J39) -> 0 | K38: =SUM(K39) -> 0.1 | L38: =SUM(L39) -> 0.1
A39: Резервный фонд администрации Ардатовского сельского поселения Ардатовского муниципального района Республики Мордовия | B39: 910 | C39: 01 | D39: 11 | E39: 89 | F39: 1 | G39: 00 | H39: 41180 | J39: =SUM(J40) -> 0 | K39: =SUM(K40) -> 0.1 | L39: =SUM(L40) -> 0.1
A40: Иные бюджетные ассигнования | B40: 910 | C40: 01 | D40: 11 | E40: 89 | F40: 1 | G40: 00 | H40: 41180 | I40: 800 | K40: =SUM(K41) -> 0.1 | L40: =SUM(L41) -> 0.1
A41: Резервные средства | B41: 910 | C41: 01 | D41: 11 | E41: 89 | F41: 1 | G41: 00 | H41: 41180 | I41: 870 | K41: 0.1 | L41: 0.1
A42: Национальная оборона | B42: 910 | C42: 02 | J42: 109.3 | K42: =SUM(K43) -> 114.4 | L42: =SUM(L43) -> 118.7
A43: Мобилизационная и вневойсковая подготовка | B43: 910 | C43: 02 | D43: 03 | J43: 109.3 | K43: =SUM(K44) -> 114.4 | L43: =SUM(L44) -> 118.7
A44: Муниципальная программа «Осуществление первичного воинского учета в Ардатовском сельском поселении Ардатовского муниципального района Республики Мордовия на 2023-2025 годы» | B44: 910 | C44: 02 | D44: 03 | E44: 17 | F44: 3 | J44: 109.3 | K44: =SUM(K45) -> 114.4 | L44: =SUM(L45) -> 118.7
A45: Основное мероприятие «Обеспечение деятельности военно-учетного стола» | B45: 910 | C45: 02 | D45: 03 | E45: 17 | F45: 3 | G45: 02 | J45: 109.3 | K45: =SUM(K46) -> 114.4 | L45: =SUM(L46) -> 118.7
A46: Осуществление первичного воинского учета на территориях, где отсутствуют военные комиссариаты | B46: 910 | C46: 02 | D46: 03 | E46: 17 | F46: 3 | G46: 02 | H46: 51180 | J46: 109.3 | K46: =SUM(K47+K49) -> 114.4 | L46: =SUM(L47+L49) -> 118.7
A47: Расходы на выплаты персоналу в целях обеспечения выполнения функций государственными (муниципальными) органами, казенными учреждениями, органами управления государственными внебюджетными фондами | B47: 910 | C47: 02 | D47: 03 | E47: 17 | F47: 3 | G47: 02 | H47: 51180 | I47: 100 | J47: =SUM(J48) -> 101.5 | K47: =SUM(K48) -> 106.6 | L47: =SUM(L48) -> 109.5
A48: Расходы на выплаты персоналу государственных (муниципальных) органов | B48: 910 | C48: 02 | D48: 03 | E48: 17 | F48: 3 | G48: 02 | H48: 51180 | I48: 120 | J48: 101.5 | K48: 106.6 | L48: 109.5
A49: Закупка товаров, работ и услуг для обеспечения государственных (муниципальных) нужд | B49: 910 | C49: 02 | D49: 03 | E49: 17 | F49: 3 | G49: 02 | H49: 51180 | I49: 200 | J49: 7.8 | K49: =SUM(K50) -> 7.8 | L49: =SUM(L50) -> 9.2
A50: Иные закупки товаров, работ и услуг для обеспечения государственных (муниципальных) нужд | B50: 910 | C50: 02 | D50: 03 | E50: 17 | F50: 3 | G50: 02 | H50: 51180 | I50: 240 | J50: 7.8 | K50: 7.8 | L50: 9.2
A51: Национальная экономика | B51: 910 | C51: 04 | J51: 22.5 | K51: 172.8 | L51: 179.7
A52: Дорожное хозяйство | B52: 910 | C52: 04 | D52: 09 | J52: 22.5 | K52: 172.8 | L52: =SUM(L53) -> 179.7
A53: Муниципальная программа "Развитие дорожного хозяйства на территории Ардатовского сельского поселения Ардатовского муниципального района Республики Мордовия на 2023-2025 годы" | B53: 910 | C53: 04 | D53: 09 | E53: 89 | F53: 1 | J53: 22.5 | K53: 172.8 | L53: 179.7
A54: Основное мероприятие "Проведение ремонта автомобильных дорог общего пользования местного значения в границахАрдатовского сельского поселения" | B54: 910 | C54: 04 | D54: 09 | E54: 89 | F54: 1 | G54: 00 | J54: 22.5 | K54: 172.8 | L54: =SUM(L55) -> 179.7
A55: Ремонт автомобильных дорог общего пользования местного значения и искусственных сооружений на них | B55: 910 | C55: 04 | D55: 09 | E55: 89 | F55: 1 | G55: 00 | H55: 44102 | J55: 22.5 | K55: 172.8 | L55: =SUM(L56) -> 179.7
A56: Закупка товаров, работ и услуг для обеспечения государственных (муниципальных) нужд | B56: 910 | C56: 04 | D56: 09 | E56: 89 | F56: 1 | G56: 00 | H56: 44102 | I56: 200 | J56: 22.5 | K56: 172.8 | L56: =SUM(L57) -> 179.7
A57: Иные закупки товаров, работ и услуг для обеспечения государственных (муниципальных) нужд | B57: 910 | C57: 04 | D57: 09 | E57: 89 | F57: 1 | G57: 00 | H57: 44102 | I57: 240 | J57: 22.5 | K57: 172.8 | L57: 179.7
A58: Жилищно - коммунальное хозяйство | B58: 910 | C58: 05 | J58: 861.6 | K58: =SUM(K59) -> 53.5 | L58: =SUM(L59) -> 3.5
A59: Благоустройство | B59: 910 | C59: 05 | D59: 03 | J59: 861.6 | K59: 53.5 | L59: 3.5
A60: Муниципальная программа "Развитие жилищно-коммунального хозяйства и благоустройства Ардатовского сельского поселения Ардатовского муниципального района Республики Мордовия на 2020-2024 гг" | B60: 910 | C60: 05 | D60: 03 | E60: 89 | J60: 861.6 | K60: 53.5 | L60: =SUM(L61) -> 3.5
A61: Подпрограмма "Благоустройство" | B61: 910 | C61: 05 | D61: 03 | E61: 89 | F61: 1 | J61: 861.6 | K61: 53.5 | L61: 3.5
A62: Прочие мероприятия по благоустройству | B62: 910 | C62: 05 | D62: 03 | E62: 89 | F62: 1 | G62: 00 | H62: 43040 | J62: 51.6 | K62: =SUM(K63) -> 53.5 | L62: =SUM(L63) -> 3.5
A63: Закупка товаров, работ и услуг для обеспечения государственных (муниципальных) нужд | B63: 910 | C63: 05 | D63: 03 | E63: 89 | F63: 1 | G63: 00 | H63: 43040 | I63: 200 | J63: 51.6 | K63: 53.5 | L63: 3.5
A64: Иные закупки товаров, работ и услуг для обеспечения государственных (муниципальных) нужд | B64: 910 | C64: 05 | D64: 03 | E64: 89 | F64: 1 | G64: 00 | H64: 43040 | I64: 240 | J64: 51.6 | K64: 53.5 | L64: 3.5
A65: Прочая закупка товаров,работ и услуг | B65: 910 | C65: 05 | D65: 03 | E65: 89 | F65: 1 | G65: 00 | H65: 78090 | I65: 240 | J65: 810
A66: Социальная политика | B66: 910 | C66: 10 | J66: =SUM(J67) -> 200.4 | K66: =SUM(K67) -> 124.6 | L66: =SUM(L67) -> 24.6
A67: Пенсионное обеспечение | B67: 910 | C67: 10 | D67: 01 | J67: =SUM(J68) -> 200.4 | K67: =SUM(K68) -> 124.6 | L67: =SUM(L68) -> 24.6
A68: Не программные расходы главных распорядителей бюджетных средств Республики Мордовия | B68: 910 | C68: 10 | D68: 01 | E68: 89 | J68: =SUM(J69) -> 200.4 | K68: =SUM(K69) -> 124.6 | L68: =SUM(L69) -> 24.6
A69: Не программные расходы в рамках обеспечения деятельности главных распорядителей бюджетных средств Республики Мордовия | B69: 910 | C69: 10 | D69: 01 | E69: 89 | F69: 1 | G69: 00 | J69: 200.4 | K69: =SUM(K70) -> 124.6 | L69: =SUM(L70) -> 24.6
A70: Доплаты к пенсиям муниципальных служащих Республики Мордовия | B70: 910 | C70: 10 | D70: 01 | E70: 89 | F70: 1 | G70: 00 | H70: 03010 | J70: =SUM(J71) -> 63.7 | K70: =SUM(K71) -> 124.6 | L70: =SUM(L71) -> 24.6
A71: Социальное обеспечение и иные выплаты населению | B71: 910 | C71: 10 | D71: 01 | E71: 89 | F71: 1 | G71: 00 | H71: 03010 | I71: 300 | J71: 63.7 | K71: =SUM(K72) -> 124.6 | L71: =SUM(L72) -> 24.6
A72: Публичные нормативные социальные выплаты гражданам | B72: 910 | C72: 10 | D72: 01 | E72: 89 | F72: 1 | G72: 00 | H72: 03010 | I72: 310 | J72: 63.7 | K72: 124.6 | L72: 24.6
A73: Иные пенсии, социальные доплаты к пенсиям | B73: 910 | C73: 10 | D73: 01 | E73: 89 | F73: 1 | G73: 00 | H73: 44205 | I73: 310 | J73: 136.7
A74: Обслуживание государственного (муниципального) долга | B74: 910 | C74: 13 | J74: 2.1 | K74: 2.1 | L74: 2.1
A75: Обслуживание государственного (муниципального) внутреннего долга | B75: 910 | C75: 13 | D75: 01 | J75: 2.1 | K75: 2.1 | L75: 2.1
A76: Не программные расходы главных распорядителей бюджетных средств Республики Мордовия | B76: 910 | C76: 13 | D76: 01 | E76: 89 | J76: 2.1 | K76: 2.1 | L76: 2.1
A77: Не программные расходы в рамках обеспечения деятельности главных распорядителей бюджетных средств Республики Мордовия | B77: 910 | C77: 13 | D77: 01 | E77: 89 | F77: 1 | G77: 00 | J77: 2.1 | K77: 2.1 | L77: 2.1
A78: Процентные платежи по муниципальному долгу | B78: 910 | C78: 13 | D78: 01 | E78: 89 | F78: 1 | G78: 00 | H78: 41240 | J78: 2.1 | K78: 2.1 | L78: 2.1
A79: Обслуживание государственного (муниципального) долга | B79: 910 | C79: 13 | D79: 01 | E79: 89 | F79: 1 | G79: 00 | H79: 41240 | I79: 700 | J79: 2.1 | K79: 2.1 | L79: 2.1
A80: Обслуживание муниципального долга | B80: 910 | C80: 13 | D80: 01 | E80: 89 | F80: 1 | G80: 00 | H80: 41240 | I80: 730 | J80: 2.1 | K80: 2.1 | L80: 2.1
A81: Условно утвержденные расходы | B81: 000 | C81: 00 | D81: 00 | E81: 00 | F81: 0 | G81: 00 | H81: 00000 | I81: 000

Sheet Приложение 3
H1: Приложение 3 к решению Совета депутатов Ардатовского сельского поселения Ардатовского муниципального района Республики Мордовия «Об изменении бюджета Ардатовского сельского поселения Ардатовского муниципального района Республики Мордовия на 2023 год и на плановый период 2024 и 2025 годов»
A2: РАСПРЕДЕЛЕНИЕ БЮДЖЕТНЫХ АССИГНОВАНИЙ БЮДЖЕТА АРДАТОВСКОГО СЕЛЬСКОГО ПОСЕЛЕНИЯ АРДАТОВСКОГО МУНИЦИПАЛЬНОГО РАЙОНА РЕСПУБЛИКИ МОРДОВИЯ ПО РАЗДЕЛАМ, ПОДРАЗДЕЛАМ, ЦЕЛЕВЫМ СТАТЬЯМ (МУНИЦИПАЛЬНЫМ ПРОГРАММАМ И НЕПРОГРАММНЫМ НАПРАВЛЕНИЯМ ДЕЯТЕЛЬНОСТИ), ГРУППАМ И ПОДГРУППАМ ВИДОВ РАСХОДОВ КЛАССИФИКАЦИИ РАСХОДОВ БЮДЖЕТОВ НА 2023ГОД И НА ПЛАНОВЫЙ ПЕРИОД 2024 И 2025 ГОДОВ
H3: (тыс. рублей)
A4: Наименование | B4: Рз | C4: Прз | D4: Цср | H4: Вр | I4: Сумма
I5: 2022 год | J5: 2023 год | K5: 2024 год
A6: 1 | B6: 2 | C6: 3 | D6: 4 | E6: 5 | F6: 6 | G6: 7 | H6: 8 | I6: 9 | J6: 10 | K6: 11
A7: ВСЕГО | I7: 2623.8 | J7: 1316.2 | K7: 1085.3
A8: Общегосударственные вопросы | B8: 01 | I8: 2623.8 | J8: 1316.2 | K8: 1085.3
A9: Функционирование Правительства Российской Федерации, высших исполнительных органов государственной власти субъектов Российской Федерации, местных администраций | B9: 01 | C9: 04 | I9: =SUM(I10+I15) -> 1262.4 | J9: =SUM(J10+J15) -> 848.7 | K9: =SUM(K10+K15) -> 756.6
A10: Муниципальная программа "Профилактика правонарушений на территории Ардатовского сельского поселения Ардатовского муниципального района республики Мордовия на 2023-2025гг." | B10: 01 | C10: 04 | D10: 19 | E10: 0 | I10: =SUM(I11) -> 0.3 | J10: =SUM(J11) -> 0.3 | K10: =SUM(K11) -> 0.4
A11: Основное мероприятие «Обеспечение деятельности должностных лиц уполномоченных составлять протоколы об административных правонарушениях, предусмотренных Законом Республики Мордовия от 15 июня 2015 года № 38-З "Об административной ответственности на территории Республики Мордовия" | B11: 01 | C11: 04 | D11: 19 | E11: 0 | F11: 03 | I11: =SUM(I12) -> 0.3 | J11: =SUM(J12) -> 0.3 | K11: =SUM(K12) -> 0.4
A12: Осуществление государственных полномочий Республики Мордовия по определению перечня должностных лиц, уполномоченных составлять протоколы об административных правонарушениях, предусмотренных Законом Республики Мордовия от 15 июня 2015 года № 38-З "Об административной ответственности на территории Республики Мордовия" | B12: 01 | C12: 04 | D12: 19 | E12: 0 | F12: 03 | G12: 77150 | I12: =SUM(I13) -> 0.3 | J12: =SUM(J13) -> 0.3 | K12: =SUM(K13) -> 0.4
A13: Закупка товаров, работ и услуг для обеспечения государственных (муниципальных) нужд | B13: 01 | C13: 04 | D13: 19 | E13: 0 | F13: 03 | G13: 77150 | H13: 200 | I13: =SUM(I14) -> 0.3 | J13: =SUM(J14) -> 0.3 | K13: =SUM(K14) -> 0.4
A14: Иные закупки товаров, работ и услуг для обеспечения государственных (муниципальных) нужд | B14: 01 | C14: 04 | D14: 19 | E14: 0 | F14: 03 | G14: 77150 | H14: 240 | I14: =SUM('Приложение 2'!J15) -> 0.3 | J14: =SUM('Приложение 2'!K15) -> 0.3 | K14: =SUM('Приложение 2'!L15) -> 0.4
A15: Обеспечение деятельности Администрации Ардатовского сельскогоо поселения Ардатовского муниципального района Республики Мордовия | B15: 01 | C15: 4 | D15: 65 | I15: 1262.1 | J15: 848.4 | K15: 756.2
A16: Глава Ардатовского сельского поселения | B16: 01 | C16: 02 | D16: 65 | E16: 1 | F16: 00 | I16: 418.3 | J16: =SUM(J17) -> 344.5 | K16: =SUM(K17) -> 344.5
A17: Расходы на выплаты по оплате труда Главы Ардатовского сельского поселения Ардатовского муниципального района Республики Мордовия | B17: 01 | C17: 02 | D17: 65 | E17: 1 | F17: 00 | G17: 41150 | I17: =SUM(I18) -> 156.5 | J17: =SUM(J18) -> 344.5 | K17: =SUM(K18) -> 344.5
A18: Расходы на выплаты персоналу в целях обеспечения выполнения функций государственными (муниципальными) органами, казенными учреждениями, органами управления государственными внебюджетными фондами | B18: 01 | C18: 02 | D18: 65 | E18: 1 | F18: 00 | G18: 41150 | H18: 100 | I18: =SUM(I19) -> 156.5 | J18: =SUM(J19) -> 344.5 | K18: =SUM(K19) -> 344.5
A19: Расходы на выплаты персоналу государственных (муниципальных) органов | B19: 01 | C19: 02 | D19: 65 | E19: 1 | F19: 00 | G19: 41150 | H19: 120 | I19: =SUM('Приложение 2'!J20) -> 156.5 | J19: =SUM('Приложение 2'!K20) -> 344.5 | K19: =SUM('Приложение 2'!L20) -> 344.5
A20: Фонд оплаты труда государственных (муниципальных) органов | B20: 1 | C20: 02 | D20: 65 | E20: 1 | F20: 0 | G20: 44205 | H20: 120 | I20: 261.8
A21: Деятельность администрации Ардатовского сельскогопоселения Ардатовского муниципального района Республики Мордовия | B21: 01 | C21: 04 | D21: 65 | E21: 2 | F21: 00 | I21: 843.8 | J21: 478.9 | K21: 410.7
A22: Расходы на выплаты по оплате труда работников органов местного самоуправления | B22: 01 | C22: 04 | D22: 65 | E22: 2 | F22: 00 | G22: 41110 | I22: =SUM(I23) -> 271 | J22: =SUM(J23) -> 369.5 | K22: =SUM(K23) -> 369.5
A23: Расходы на выплаты персоналу в целях обеспечения выполнения функций государственными (муниципальными) органами, казенными учреждениями, органами управления государственными внебюджетными фондами | B23: 01 | C23: 04 | D23: 65 | E23: 2 | F23: 00 | G23: 41110 | H23: 100 | I23: =SUM(I24) -> 271 | J23: =SUM(J24) -> 369.5 | K23: =SUM(K24) -> 369.5
A24: Расходы на выплаты персоналу государственных (муниципальных) органов | B24: 01 | C24: 04 | D24: 65 | E24: 2 | F24: 00 | G24: 41110 | H24: 120 | I24: =SUM('Приложение 2'!J25) -> 271 | J24: =SUM('Приложение 2'!K25) -> 369.5 | K24: =SUM('Приложение 2'!L25) -> 369.5
A25: Фонд оплаты труда государственных (муниципальных) органов | B25: 1 | C25: 4 | D25: 65 | E25: 2 | F25: 0 | G25: 44205 | H25: 120 | I25: 158.7
A26: Закупка товаров, работ и услуг для обеспечения государственных (муниципальных) нужд | B26: 01 | C26: 04 | D26: 65 | E26: 2 | F26: 00 | G26: 41120 | H26: 200 | I26: =SUM(I27) -> 376.5 | J26: =SUM(J27) -> 109.4 | K26: =SUM(K27) -> 41.2
A27: Иные закупки товаров, работ и услуг для обеспечения государственных (муниципальных) нужд | B27: 01 | C27: 04 | D27: 65 | E27: 2 | F27: 00 | G27: 41120 | H27: 240 | I27: =SUM('Приложение 2'!J29) -> 376.5 | J27: =SUM('Приложение 2'!K29) -> 109.4 | K27: =SUM('Приложение 2'!L29) -> 41.2
A28: Иные бюджетные ассигнования | B28: 01 | C28: 04 | D28: 65 | E28: 2 | F28: 00 | G28: 41120 | H28: 800 | I28: 37.6 | J28: =SUM(J30) -> 25 | K28: =SUM(K30) -> 1
A29: Исполнение судебных актов Российской Федерации и мировых соглашений по возмещению причиненного вреда | B29: 1 | C29: 4 | D29: 65 | E29: 2 | F29: 0 | G29: 41120 | H29: 830 | I29: 6.5
A30: Уплата налогов, сборов и иных платежей | B30: 01 | C30: 04 | D30: 65 | E30: 2 | F30: 00 | G30: 41120 | H30: 850 | I30: =SUM('Приложение 2'!J32) -> 31.1 | J30: =SUM('Приложение 2'!K32) -> 25 | K30: =SUM('Приложение 2'!L32) -> 1
A31: Прочая закупка товаров, работ и услуг | I31: 10.5
A32: Прочая закупка товаров, работ и услуг | I32: 20
A33: Закупка товаров, работ и услуг для обеспечения государственных (муниципальных) нужд в области геодезии и картографии вне рамок государственного оборонного заказа | B33: 1 | C33: 13 | D33: 89 | E33: 1 | F33: 0 | G33: 42370 | H33: 240 | I33: 135
A34: Резервные фонды | B34: 01 | C34: 11 | I34: =SUM(I35) -> 0 | J34: =SUM(J35) -> 0.1 | K34: =SUM(K35) -> 0.1
A35: Непрограммные расходы главных распорядителей средств местного бюджет | B35: 01 | C35: 11 | D35: 89 | I35: =SUM(I36) -> 0 | J35: =SUM(J36) -> 0.1 | K35: =SUM(K36) -> 0.1
A36: Непрограммные расходы в рамках обеспечения деятельности главных распорядителей средств местного бюджета | B36: 01 | C36: 11 | D36: 89 | E36: 1 | F36: 00 | I36: =SUM(I37) -> 0 | J36: =SUM(J37) -> 0.1 | K36: =SUM(K37) -> 0.1
A37: Резервный фонд администрации Ардатовского сельского поселения Ардатовского муниципального района Республики Мордовия | B37: 01 | C37: 11 | D37: 89 | E37: 1 | F37: 00 | G37: 41180 | I37: =SUM(I38) -> 0 | J37: =SUM(J38) -> 0.1 | K37: =SUM(K38) -> 0.1
A38: Иные бюджетные ассигнования | B38: 01 | C38: 11 | D38: 89 | E38: 1 | F38: 00 | G38: 41180 | H38: 800 | I38: =SUM(I39) -> 0 | J38: =SUM(J39) -> 0.1 | K38: =SUM(K39) -> 0.1
A39: Резервные средства | B39: 01 | C39: 11 | D39: 89 | E39: 1 | F39: 00 | G39: 41180 | H39: 870 | I39: =SUM('Приложение 2'!J41) -> 0 | J39: =SUM('Приложение 2'!K41) -> 0.1 | K39: =SUM('Приложение 2'!L41) -> 0.1
A40: Национальная оборона | B40: 02 | I40: =SUM(I41) -> 109.3 | J40: =SUM(J41) -> 114.4 | K40: =SUM(K41) -> 118.7
A41: Мобилизационная и вневойсковая подготовка | B41: 02 | C41: 0 | I41: =SUM(I42) -> 109.3 | J41: =SUM(J42) -> 114.4 | K41: =SUM(K42) -> 118.7
A42: Муниципальная программа «Осуществление первичного воинского учета в Ардатовском сельском поселении Ардатовского муниципального района Республики Мордовия на 2023-2025 годы» | B42: 02 | C42: 03 | D42: 17 | E42: 0 | I42: =SUM(I43) -> 109.3 | J42: =SUM(J43) -> 114.4 | K42: =SUM(K43) -> 118.7
A43: Основное мероприятие «Обеспечение деятельности военно-учетного стола» | B43: 02 | C43: 03 | D43: 17 | E43: 0 | F43: 01 | I43: =SUM(I44) -> 109.3 | J43: =SUM(J44) -> 114.4 | K43: =SUM(K44) -> 118.7
A44: Осуществление первичного воинского учета на территориях, где отсутствуют военные комиссариаты | B44: 02 | C44: 03 | D44: 17 | E44: 0 | F44: 01 | G44: 51180 | I44: =SUM(I45+I47) -> 109.3 | J44: =SUM(J45+J47) -> 114.4 | K44: =SUM(K45+K47) -> 118.7
A45: Расходы на выплаты персоналу в целях обеспечения выполнения функций государственными (муниципальными) органами, казенными учреждениями, органами управления государственными внебюджетными фондами | B45: 02 | C45: 03 | D45: 17 | E45: 0 | F45: 01 | G45: 51180 | H45: 100 | I45: =SUM(I46) -> 101.5 | J45: =SUM(J46) -> 106.6 | K45: =SUM(K46) -> 109.5
A46: Расходы на выплаты персоналу государственных (муниципальных) органов | B46: 02 | C46: 03 | D46: 17 | E46: 0 | F46: 01 | G46: 51180 | H46: 120 | I46: =SUM('Приложение 2'!J48) -> 101.5 | J46: =SUM('Приложение 2'!K48) -> 106.6 | K46: =SUM('Приложение 2'!L48) -> 109.5
A47: Закупка товаров, работ и услуг для обеспечения государственных (муниципальных) нужд | B47: 02 | C47: 03 | D47: 17 | E47: 0 | F47: 01 | G47: 51180 | H47: 200 | I47: =SUM(I48) -> 7.8 | J47: =SUM(J48) -> 7.8 | K47: =SUM(K48) -> 9.2
A48: Иные закупки товаров, работ и услуг для обеспечения государственных (муниципальных) нужд | B48: 02 | C48: 03 | D48: 17 | E48: 0 | F48: 01 | G48: 51180 | H48: 240 | I48: =SUM('Приложение 2'!J50) -> 7.8 | J48: =SUM('Приложение 2'!K50) -> 7.8 | K48: =SUM('Приложение 2'!L50) -> 9.2
A49: Национальная экономика | B49: 04 | I49: 22.5 | J49: 172.8 | K49: 179.7
A50: Дорожное хозяйство | B50: 04 | C50: 09 | I50: 22.5 | J50: =SUM(J51) -> 172.8 | K50: =SUM(K51) -> 179.7
A51: Муниципальная программа "Развитие дорожного хозяйства на территории Ардатовского сельского поселения Ардатовского муниципального района Республики Мордовия на 2023-2025 годы" | B51: 04 | C51: 09 | D51: 89 | E51: 1 | I51: 22.5 | J51: 172.8 | K51: 179.7
A52: Основное мероприятие "Проведение ремонта автомобильных дорог общего пользования местного значения в границах Ардатовского сельского поселения" | B52: 04 | C52: 09 | D52: 89 | E52: 1 | F52: 00 | I52: 22.5 | J52: =SUM(J53) -> 172.8 | K52: =SUM(K53) -> 179.7
A53: Ремонт автомобильных дорог общего пользования местного значения и искусственных сооружений на них | B53: 04 | C53: 09 | D53: 89 | E53: 1 | F53: 00 | G53: 44102 | I53: 22.5 | J53: =SUM(J54) -> 172.8 | K53: =SUM(K54) -> 179.7
A54: Закупка товаров, работ и услуг для обеспечения государственных (муниципальных) нужд | B54: 04 | C54: 09 | D54: 89 | E54: 1 | F54: 00 | G54: 44102 | H54: 200 | I54: 22.5 | J54: =SUM(J55) -> 172.8 | K54: =SUM(K55) -> 179.7
A55: Иные закупки товаров, работ и услуг для обеспечения государственных (муниципальных) нужд | B55: 04 | C55: 09 | D55: 89 | E55: 1 | F55: 00 | G55: 44102 | H55: 240 | I55: 22.5 | J55: =SUM('Приложение 2'!K57) -> 172.8 | K55: =SUM('Приложение 2'!L57) -> 179.7
A56: Жилищно - коммунальное хозяйство | B56: 05 | I56: 861.6 | J56: 53.5 | K56: 3.5
A57: Благоустройство | B57: 05 | C57: 03 | I57: 861.6 | J57: 53.5 | K57: 3.5
A58: Муниципальная программа "Развитие жилищно-коммунального хозяйства и благоустройства Ардатовского сельского поселения Ардатовского муниципального района Республики Мордовия на 2023-2025 гг" | B58: 05 | C58: 03 | D58: 89 | I58: 861.6 | J58: 53.5 | K58: 3.5
A59: Подпрограмма "Благоустройство" | B59: 05 | C59: 03 | D59: 89 | E59: 1 | I59: 861.6 | J59: 53.5 | K59: 3.5
A60: Основное мероприятие "Благоустройство территории городского поселения и поддержание санитарного состояния населенного пункта" | B60: 05 | C60: 03 | D60: 89 | E60: 1 | F60: 00 | I60: =SUM(I61) -> 51.6 | J60: =SUM(J61) -> 53.5 | K60: =SUM(K61) -> 3.5
A61: Прочие мероприятия по благоустройству | B61: 05 | C61: 03 | D61: 89 | E61: 1 | F61: 00 | G61: 43040 | I61: =SUM(I62) -> 51.6 | J61: =SUM(J62) -> 53.5 | K61: =SUM(K62) -> 3.5
A62: Закупка товаров, работ и услуг для обеспечения государственных (муниципальных) нужд | B62: 05 | C62: 03 | D62: 89 | E62: 1 | F62: 00 | G62: 43040 | H62: 200 | I62: =SUM(I63) -> 51.6 | J62: =SUM(J63) -> 53.5 | K62: =SUM(K63) -> 3.5
A63: Иные закупки товаров, работ и услуг для обеспечения государственных (муниципальных) нужд | B63: 05 | C63: 03 | D63: 89 | E63: 1 | F63: 0 | G63: 43040 | H63: 240 | I63: =SUM('Приложение 2'!J64) -> 51.6 | J63: =SUM('Приложение 2'!K64) -> 53.5 | K63: =SUM('Приложение 2'!L64) -> 3.5
A64: Прочая закупка товаров, работ и услуг | B64: 5 | C64: 3 | D64: 89 | E64: 1 | F64: 0 | G64: 78090 | H64: 240 | I64: 810
A65: Социальная политика | B65: 10 | I65: =SUM(I66) -> 200.4 | J65: =SUM(J66) -> 124.6 | K65: =SUM(K66) -> 24.6
A66: Пенсионное обеспечение | B66: 10 | C66: 01 | I66: =SUM(I67) -> 200.4 | J66: =SUM(J67) -> 124.6 | K66: =SUM(K67) -> 24.6
A67: Не программные расходы главных распорядителей бюджетных средств Республики Мордовия | B67: 10 | C67: 01 | D67: 89 | I67: =SUM(I68) -> 200.4 | J67: =SUM(J68) -> 124.6 | K67: =SUM(K68) -> 24.6
A68: Не программные расходы в рамках обеспечения деятельности главных распорядителей бюджетных средств Республики Мордовия | B68: 10 | C68: 01 | D68: 89 | E68: 1 | F68: 00 | I68: 200.4 | J68: =SUM(J69) -> 124.6 | K68: =SUM(K69) -> 24.6
A69: Доплаты к пенсиям муниципальных служащих Республики Мордовия | B69: 10 | C69: 01 | D69: 89 | E69: 1 | F69: 00 | G69: 03010 | I69: =SUM(I70) -> 63.7 | J69: =SUM(J70) -> 124.6 | K69: =SUM(K70) -> 24.6
A70: Социальное обеспечение и иные выплаты населению | B70: 10 | C70: 01 | D70: 89 | E70: 1 | F70: 00 | G70: 03010 | H70: 300 | I70: =SUM(I71) -> 63.7 | J70: =SUM(J71) -> 124.6 | K70: =SUM(K71) -> 24.6
A71: Публичные нормативные социальные выплаты гражданам | B71: 10 | C71: 01 | D71: 89 | E71: 1 | F71: 00 | G71: 03010 | H71: 310 | I71: =SUM('Приложение 2'!J72) -> 63.7 | J71: =SUM('Приложение 2'!K72) -> 124.6 | K71: =SUM('Приложение 2'!L72) -> 24.6
A72: Иные пенсии, социальные доплаты к пенсиям | B72: 10 | C72: 1 | D72: 89 | E72: 1 | F72: 0 | G72: 44205 | H72: 310 | I72: 136.7
A73: Обслуживание государственного (муниципального) долга | B73: 13 | I73: =SUM(I74) -> 2.1 | J73: =SUM(J74) -> 2.1 | K73: =SUM(K74) -> 2.1
A74: Обслуживание государственного (муниципального) внутреннего долга | B74: 13 | C74: 01 | I74: =SUM(I75) -> 2.1 | J74: =SUM(J75) -> 2.1 | K74: =SUM(K75) -> 2.1
A75: Не программные расходы главных распорядителей бюджетных средств Республики Мордовия | B75: 13 | C75: 01 | D75: 89 | I75: =SUM(I76) -> 2.1 | J75: =SUM(J76) -> 2.1 | K75: =SUM(K76) -> 2.1
A76: Не программные расходы в рамках обеспечения деятельности главных распорядителей бюджетных средств Республики Мордовия | B76: 13 | C76: 01 | D76: 89 | E76: 1 | F76: 00 | I76: =SUM(I77) -> 2.1 | J76: =SUM(J77) -> 2.1 | K76: =SUM(K77) -> 2.1
A77: Процентные платежи по муниципальному долгу | B77: 13 | C77: 01 | D77: 89 | E77: 1 | F77: 00 | G77: 41240 | I77: =SUM(I78) -> 2.1 | J77: =SUM(J78) -> 2.1 | K77: =SUM(K78) -> 2.1
A78: Обслуживание государственного (муниципального) долга | B78: 13 | C78: 01 | D78: 89 | E78: 1 | F78: 00 | G78: 41240 | H78: 700 | I78: =SUM(I79) -> 2.1 | J78: =SUM(J79) -> 2.1 | K78: =SUM(K79) -> 2.1
A79: Обслуживание муниципального долга | B79: 13 | C79: 01 | D79: 89 | E79: 1 | F79: 00 | G79: 41240 | H79: 730 | I79: =SUM('Приложение 2'!J80) -> 2.1 | J79: =SUM('Приложение 2'!K80) -> 2.1 | K79: =SUM('Приложение 2'!L80) -> 2.1
A80: Условно утвержденные расходы | B80: 00 | C80: 00 | D80: 00 | E80: 0 | F80: 00 | G80: 00000 | H80: 000 | J80: =SUM('Приложение 2'!K81) -> 0 | K80: =SUM('Приложение 2'!L81) -> 0

Sheet Приложение 4
I1: Приложение 4 к решению Совета депутатов Ардатовского сельского поселения Ардатовского муниципального района Республики Мордовия «Об изменении бюджета Ардатовского сельского поселения Ардатовского муниципального района Республики Мордовия на 2023 год и на плановый период 2024 и 2025 годов»
A2: РАСПРЕДЕЛЕНИЕ БЮДЖЕТНЫХ АССИГНОВАНИЙ БЮДЖЕТА АРДАТОВСКОГО СЕЛЬСКОГО ПОСЕЛЕНИЯ АРДАТОВСКОГО МУНИЦИПАЛЬНОГО РАЙОНА РЕСПУБЛИКИ МОРДОВИЯ ПО ЦЕЛЕВЫМ СТАТЬЯМ (МУНИЦИПАЛЬНЫМ ПРОГРАММАМ И НЕПРОГРАММНЫМ НАПРАВЛЕНИЯМ ДЕЯТЕЛЬНОСТИ), ГРУППАМ И ПОДГРУППАМ ВИДОВ РАСХОДОВ, РАЗДЕЛАМ И ПОДРАЗДЕЛАМ КЛАССИФИКАЦИИ РАСХОДОВ БЮДЖЕТОВ НА 2023 ГОД И НА ПЛАНОВЫЙ ПЕРИОД 2024 И 2025 ГОДОВ
I3: (тыс. рублей)
A4: Наименование | B4: Цср | F4: ВР | G4: Рз | H4: Прз | I4: Адм | J4: Сумма
J5: 2022 год | K5: 2023 год | L5: 2024год
A6: 1 | B6: 2 | C6: 3 | D6: 4 | E6: 5 | F6: 6 | G6: 7 | H6: 8 | I6: 9 | J6: 10 | K6: 11 | L6: 12
A7: ВСЕГО | J7: 2623.8 | K7: 1316.2 | L7: 1085.3
A8: Муниципальная программа "Развитие дорожного хозяйства на территории Ардатовского сельского поселения Ардатовского муниципального района Республики Мордовия на 2023-2025 годы" | B8: 89 | C8: 1 | J8: 22.5 | K8: 172.8 | L8: 179.7
A9: Основное мероприятие "Проведение ремонта автомобильных дорог общего пользования местного значения в границах Ардатовского сельскогопоселения" | B9: 89 | C9: 1 | D9: 00 | J9: =SUM(J10) -> 22.5 | K9: =SUM(K10) -> 172.8 | L9: =SUM(L10) -> 179.7
A10: Ремонт автомобильных дорог общего пользования местного значения и искусственных сооружений на них | B10: 89 | C10: 1 | D10: 00 | E10: 44102 | J10: =SUM(J11) -> 22.5 | K10: =SUM(K11) -> 172.8 | L10: =SUM(L11) -> 179.7
A11: Закупка товаров, работ и услуг для обеспечения государственных (муниципальных) нужд | B11: 89 | C11: 1 | D11: 00 | E11: 44102 | F11: 200 | J11: =SUM(J12) -> 22.5 | K11: =SUM(K12) -> 172.8 | L11: =SUM(L12) -> 179.7
A12: Иные закупки товаров, работ и услуг для обеспечения государственных (муниципальных) нужд | B12: 89 | C12: 1 | D12: 00 | E12: 44102 | F12: 240 | J12: =SUM(J13) -> 22.5 | K12: =SUM(K13) -> 172.8 | L12: =SUM(L13) -> 179.7
A13: Национальная экономика | B13: 89 | C13: 1 | D13: 00 | E13: 44102 | F13: 240 | G13: 04 | J13: =SUM(J14) -> 22.5 | K13: =SUM(K14) -> 172.8 | L13: =SUM(L14) -> 179.7
A14: Дорожное хозяйство | B14: 89 | C14: 1 | D14: 00 | E14: 44102 | F14: 240 | G14: 04 | H14: 09 | J14: =SUM(J15) -> 22.5 | K14: =SUM(K15) -> 172.8 | L14: =SUM(L15) -> 179.7
A15: Администрация Ардатовского сельского поселения Ардатовского муниципального района | B15: 89 | C15: 1 | D15: 00 | E15: 42500 | F15: 240 | G15: 04 | H15: 09 | I15: 910 | J15: =SUM('Приложение 3'!I55) -> 22.5 | K15: =SUM('Приложение 3'!J55) -> 172.8 | L15: =SUM('Приложение 3'!K55) -> 179.7
A16: Муниципальная программа «Осуществление первичного воинского учета в Ардатовском сельском поселении Ардатовского муниципального района Республики Мордовия на 2023-2025 годы» | B16: 17 | C16: 3 | J16: =SUM(J17) -> 109.3 | K16: =SUM(K17) -> 114.4 | L16: =SUM(L17) -> 118.7
A17: Основное мероприятие «Обеспечение деятельности военно-учетного стола» | B17: 17 | C17: 3 | D17: 02 | J17: =SUM(J18) -> 109.3 | K17: =SUM(K18) -> 114.4 | L17: =SUM(L18) -> 118.7
A18: Осуществление первичного воинского учета на территориях, где отсутствуют военные комиссариаты | B18: 17 | C18: 3 | D18: 02 | E18: 51180 | J18: =SUM(J19+J24) -> 109.3 | K18: =SUM(K19+K24) -> 114.4 | L18: =SUM(L19+L24) -> 118.7
A19: Расходы на выплаты персоналу в целях обеспечения выполнения функций государственными (муниципальными) органами, казенными учреждениями, органами управления государственными внебюджетными фондами | B19: 17 | C19: 3 | D19: 02 | E19: 51180 | F19: 100 | J19: =SUM(J20) -> 101.5 | K19: =SUM(K20) -> 106.6 | L19: =SUM(L20) -> 109.5
A20: Расходы на выплаты персоналу государственных (муниципальных) органов | B20: 17 | C20: 3 | D20: 02 | E20: 51180 | F20: 120 | J20: =SUM(J21) -> 101.5 | K20: =SUM(K21) -> 106.6 | L20: =SUM(L21) -> 109.5
A21: Национальная оборона | B21: 17 | C21: 3 | D21: 02 | E21: 51180 | F21: 120 | G21: 02 | J21: =SUM(J22) -> 101.5 | K21: =SUM(K22) -> 106.6 | L21: =SUM(L22) -> 109.5
A22: Мобилизационная и вневойсковая подготовка | B22: 17 | C22: 3 | D22: 02 | E22: 51180 | F22: 120 | G22: 02 | H22: 03 | J22: =SUM(J23) -> 101.5 | K22: =SUM(K23) -> 106.6 | L22: =SUM(L23) -> 109.5
A23: Администрация Ардатовского сельского поселения Ардатовского муниципального района | B23: 17 | C23: 3 | D23: 02 | E23: 51180 | F23: 120 | G23: 02 | H23: 03 | I23: 910 | J23: =SUM('Приложение 3'!I46) -> 101.5 | K23: =SUM('Приложение 3'!J46) -> 106.6 | L23: =SUM('Приложение 3'!K46) -> 109.5
A24: Закупка товаров, работ и услуг для обеспечения государственных (муниципальных) нужд | B24: 17 | C24: 3 | D24: 02 | E24: 51180 | F24: 200 | J24: =SUM(J25) -> 7.8 | K24: =SUM(K25) -> 7.8 | L24: =SUM(L25) -> 9.2
A25: Иные закупки товаров, работ и услуг для обеспечения государственных (муниципальных) нужд | B25: 17 | C25: 3 | D25: 02 | E25: 51180 | F25: 240 | J25: =SUM(J26) -> 7.8 | K25: =SUM(K26) -> 7.8 | L25: =SUM(L26) -> 9.2
A26: Национальная оборона | B26: 17 | C26: 3 | D26: 02 | E26: 51180 | F26: 240 | G26: 02 | J26: =SUM(J27) -> 7.8 | K26: =SUM(K27) -> 7.8 | L26: =SUM(L27) -> 9.2
A27: Мобилизационная и вневойсковая подготовка | B27: 17 | C27: 3 | D27: 02 | E27: 51180 | F27: 240 | G27: 02 | H27: 03 | J27: =SUM(J28) -> 7.8 | K27: =SUM(K28) -> 7.8 | L27: =SUM(L28) -> 9.2
A28: Администрация Ардатовского сельского поселения Ардатовского муниципального района | B28: 17 | C28: 3 | D28: 02 | E28: 51180 | F28: 240 | G28: 02 | H28: 03 | I28: 910 | J28: =SUM('Приложение 3'!I48) -> 7.8 | K28: =SUM('Приложение 3'!J48) -> 7.8 | L28: =SUM('Приложение 3'!K48) -> 9.2
A29: Муниципальная программа "Профилактика правонарушений на территории Ардатовского сельского поселения Ардатовского муниципального района республики Мордовия на 2023-2025гг." | B29: 19 | C29: 2 | J29: =SUM(J30) -> 0.3 | K29: =SUM(K30) -> 0.3 | L29: =SUM(L30) -> 0.4
A30: Основное мероприятие «Обеспечение деятельности должностных лиц уполномоченных составлять протоколы об административных правонарушениях, предусмотренных Законом Республики Мордовия от 15 июня 2015 года № 38-З "Об административной ответственности на территории Республики Мордовия" | B30: 19 | C30: 2 | D30: 03 | J30: =SUM(J31) -> 0.3 | K30: =SUM(K31) -> 0.3 | L30: =SUM(L31) -> 0.4
A31: Осуществление государственных полномочий Республики Мордовия по определению перечня должностных лиц, уполномоченных составлять протоколы об административных правонарушениях, предусмотренных Законом Республики Мордовия от 15 июня 2015 года № 38-З "Об административной ответственности на территории Республики Мордовия" | B31: 19 | C31: 2 | D31: 03 | E31: 77150 | J31: =SUM(J32) -> 0.3 | K31: =SUM(K32) -> 0.3 | L31: =SUM(L32) -> 0.4
A32: Закупка товаров, работ и услуг для обеспечения государственных (муниципальных) нужд | B32: 19 | C32: 2 | D32: 03 | E32: 77150 | F32: 200 | J32: =SUM(J33) -> 0.3 | K32: =SUM(K33) -> 0.3 | L32: =SUM(L33) -> 0.4
A33: Иные закупки товаров, работ и услуг для обеспечения государственных (муниципальных) нужд | B33: 19 | C33: 2 | D33: 03 | E33: 77150 | F33: 240 | J33: =SUM(J34) -> 0.3 | K33: =SUM(K34) -> 0.3 | L33: =SUM(L34) -> 0.4
A34: Общегосударственные вопросы | B34: 19 | C34: 2 | D34: 03 | E34: 77150 | F34: 240 | G34: 01 | J34: =SUM(J35) -> 0.3 | K34: =SUM(K35) -> 0.3 | L34: =SUM(L35) -> 0.4
A35: Функционирование Правительства Российской Федерации, высших исполнительных органов государственной власти субъектов Российской Федерации, местных администраций | B35: 19 | C35: 2 | D35: 03 | E35: 77150 | F35: 240 | G35: 01 | H35: 04 | J35: =SUM(J36) -> 0.3 | K35: =SUM(K36) -> 0.3 | L35: =SUM(L36) -> 0.4
A36: Администрация Ардатовского сельского поселения Ардатовского муниципального района | B36: 19 | C36: 2 | D36: 03 | E36: 77150 | F36: 240 | G36: 01 | H36: 04 | I36: 910 | J36: =SUM('Приложение 3'!I14) -> 0.3 | K36: =SUM('Приложение 3'!J14) -> 0.3 | L36: =SUM('Приложение 3'!K14) -> 0.4
A37: Прочие мероприятия по благоустройству | B37: 89 | C37: 1 | D37: 00 | E37: 43040 | J37: =SUM(J38) -> 51.6 | K37: =SUM(K38) -> 53.5 | L37: =SUM(L38) -> 3.5
A38: Закупка товаров, работ и услуг для обеспечения государственных (муниципальных) нужд | B38: 89 | C38: 1 | D38: 00 | E38: 43040 | F38: 200 | J38: =SUM(J39) -> 51.6 | K38: =SUM(K39) -> 53.5 | L38: =SUM(L39) -> 3.5
A39: Иные закупки товаров, работ и услуг для обеспечения государственных (муниципальных) нужд | B39: 89 | C39: 1 | D39: 00 | E39: 43040 | F39: 240 | J39: =SUM(J40) -> 51.6 | K39: =SUM(K40) -> 53.5 | L39: =SUM(L40) -> 3.5
A40: Жилищно - коммунальное хозяйство | B40: 89 | C40: 1 | D40: 00 | E40: 43040 | F40: 240 | G40: 05 | J40: =SUM(J41) -> 51.6 | K40: =SUM(K41) -> 53.5 | L40: =SUM(L41) -> 3.5
A41: Благоустройство | B41: 89 | C41: 1 | D41: 00 | E41: 43040 | F41: 240 | G41: 05 | H41: 03 | J41: =SUM(J42) -> 51.6 | K41: =SUM(K42) -> 53.5 | L41: =SUM(L42) -> 3.5
A42: Администрация Ардатовского сельского поселения Ардатовского муниципального района | B42: 89 | C42: 1 | D42: 00 | E42: 43040 | F42: 240 | G42: 05 | H42: 03 | I42: 910 | J42: =SUM('Приложение 3'!I63) -> 51.6 | K42: =SUM('Приложение 3'!J63) -> 53.5 | L42: =SUM('Приложение 3'!K63) -> 3.5
A43: Прочая закупка товаров, работ и услуг | B43: 89 | C43: 1 | D43: 00 | E43: 78090 | F43: 240 | G43: 05 | H43: 03 | I43: 910 | J43: 810
A44: Обеспечение деятельности Администрации Ардатовского сельского поселения Ардатовского муниципального района Республики Мордовия | B44: 65 | J44: 1262.1 | K44: 848.4 | L44: 756.2
A45: Глава Ардатовского сельского поселения | B45: 65 | C45: 1 | D45: 00 | J45: 418.3 | K45: =SUM(K46) -> 344.5 | L45: =SUM(L46) -> 344.5
A46: Расходы на выплаты по оплате труда Главы Ардатовского сельского поселения Ардатовского муниципального района Республики Мордовия | B46: 65 | C46: 1 | D46: 00 | E46: 41150 | J46: =SUM(J47) -> 156.5 | K46: =SUM(K47) -> 344.5 | L46: =SUM(L47) -> 344.5
A47: Расходы на выплаты персоналу в целях обеспечения выполнения функций государственными (муниципальными) органами, казенными учреждениями, органами управления государственными внебюджетными фондами | B47: 65 | C47: 1 | D47: 00 | E47: 41150 | F47: 100 | J47: =SUM(J48) -> 156.5 | K47: =SUM(K48) -> 344.5 | L47: =SUM(L48) -> 344.5
A48: Расходы на выплаты персоналу государственных (муниципальных) органов | B48: 65 | C48: 1 | D48: 00 | E48: 41150 | F48: 120 | J48: =SUM(J49) -> 156.5 | K48: =SUM(K49) -> 344.5 | L48: =SUM(L49) -> 344.5
A49: Общегосударственные вопросы | B49: 65 | C49: 1 | D49: 00 | E49: 41150 | F49: 120 | G49: 01 | J49: =SUM(J50) -> 156.5 | K49: =SUM(K50) -> 344.5 | L49: =SUM(L50) -> 344.5
A50: Функционирование Правительства Российской Федерации, высших исполнительных органов государственной власти субъектов Российской Федерации, местных администраций | B50: 65 | C50: 1 | D50: 00 | E50: 41150 | F50: 120 | G50: 01 | H50: 02 | J50: =SUM(J51) -> 156.5 | K50: =SUM(K51) -> 344.5 | L50: =SUM(L51) -> 344.5
A51: Администрация Ардатовского сельского поселения Ардатовского муниципального района | B51: 65 | C51: 1 | D51: 00 | E51: 41150 | F51: 120 | G51: 01 | H51: 02 | I51: 910 | J51: =SUM('Приложение 3'!I19) -> 156.5 | K51: =SUM('Приложение 3'!J19) -> 344.5 | L51: =SUM('Приложение 3'!K19) -> 344.5
A52: Фонд оплаты труда государственных (муниципальных) органов | B52: 65 | C52: 1 | D52: 00 | E52: 44205 | F52: 120 | G52: 01 | H52: 02 | I52: 910 | J52: 261.8
A53: Деятельность администрации Ардатовского сельского поселения Ардатовского муниципального района Республики Мордовия | B53: 65 | C53: 2 | D53: 00 | J53: 843.8 | K53: 503.9 | L53: 411.7
A54: Расходы на выплаты по оплате труда работников органов местного самоуправления | B54: 65 | C54: 2 | D54: 00 | E54: 41110 | J54: =SUM(J55) -> 271 | K54: =SUM(K55) -> 369.5 | L54: =SUM(L55) -> 369.5
A55: Расходы на выплаты персоналу в целях обеспечения выполнения функций государственными (муниципальными) органами, казенными учреждениями, органами управления государственными внебюджетными фондами | B55: 65 | C55: 2 | D55: 00 | E55: 41110 | F55: 100 | J55: =SUM(J56) -> 271 | K55: =SUM(K56) -> 369.5 | L55: =SUM(L56) -> 369.5
A56: Расходы на выплаты персоналу государственных (муниципальных) органов | B56: 65 | C56: 2 | D56: 00 | E56: 41110 | F56: 120 | J56: =SUM(J57) -> 271 | K56: =SUM(K57) -> 369.5 | L56: =SUM(L57) -> 369.5
A57: Общегосударственные вопросы | B57: 65 | C57: 2 | D57: 00 | E57: 41110 | F57: 120 | G57: 01 | J57: =SUM(J58) -> 271 | K57: =SUM(K58) -> 369.5 | L57: =SUM(L58) -> 369.5
A58: Функционирование Правительства Российской Федерации, высших исполнительных органов государственной власти субъектов Российской Федерации, местных администраций | B58: 65 | C58: 2 | D58: 00 | E58: 41110 | F58: 120 | G58: 01 | H58: 04 | J58: =SUM(J59) -> 271 | K58: =SUM(K59) -> 369.5 | L58: =SUM(L59) -> 369.5
A59: Администрация Ардатовского сельского поселения Ардатовского муниципального района | B59: 65 | C59: 2 | D59: 00 | E59: 41110 | F59: 120 | G59: 01 | H59: 04 | I59: 910 | J59: =SUM('Приложение 3'!I24) -> 271 | K59: =SUM('Приложение 3'!J24) -> 369.5 | L59: =SUM('Приложение 3'!K24) -> 369.5
A60: Фонд оплаты труда государственных (муниципальных) органов | B60: 65 | C60: 2 | D60: 00 | E60: 44205 | F60: 120 | G60: 01 | H60: 04 | I60: 910 | J60: 158.7
A61: Закупка товаров, работ и услуг для обеспечения государственных (муниципальных) нужд | B61: 65 | C61: 2 | D61: 00 | E61: 41120 | F61: 200 | J61: =SUM(J62) -> 376.5 | K61: =SUM(K62) -> 109.4 | L61: =SUM(L62) -> 41.2
A62: Иные закупки товаров, работ и услуг для обеспечения государственных (муниципальных) нужд | B62: 65 | C62: 2 | D62: 00 | E62: 41120 | F62: 240 | J62: =SUM(J63) -> 376.5 | K62: =SUM(K63) -> 109.4 | L62: =SUM(L63) -> 41.2
A63: Общегосударственные вопросы | B63: 65 | C63: 2 | D63: 00 | E63: 41120 | F63: 240 | G63: 01 | J63: =SUM(J64) -> 376.5 | K63: =SUM(K64) -> 109.4 | L63: =SUM(L64) -> 41.2
A64: Функционирование Правительства Российской Федерации, высших исполнительных органов государственной власти субъектов Российской Федерации, местных администраций | B64: 65 | C64: 2 | D64: 00 | E64: 41120 | F64: 240 | G64: 01 | H64: 04 | J64: =SUM(J65) -> 376.5 | K64: =SUM(K65) -> 109.4 | L64: =SUM(L65) -> 41.2
A65: Администрация Ардатовского сельского поселения Ардатовского муниципального района | B65: 65 | C65: 2 | D65: 00 | E65: 41120 | F65: 240 | G65: 01 | H65: 04 | I65: 910 | J65: =SUM('Приложение 3'!I27) -> 376.5 | K65: =SUM('Приложение 3'!J27) -> 109.4 | L65: =SUM('Приложение 3'!K27) -> 41.2
A66: Исполнение судебных актов Российской Федерации и мировых соглашений по возмещению причиненного вреда | B66: 65 | C66: 2 | D66: 00 | E66: 41120 | F66: 830 | J66: 6.5
A67: Иные бюджетные ассигнования | B67: 65 | C67: 2 | D67: 00 | E67: 41120 | F67: 800 | J67: =SUM(J68) -> 31.1 | K67: =SUM(K68) -> 25 | L67: =SUM(L68) -> 1
A68: Уплата налогов, сборов и иных платежей | B68: 65 | C68: 2 | D68: 00 | E68: 41120 | F68: 850 | J68: =SUM(J69) -> 31.1 | K68: =SUM(K69) -> 25 | L68: =SUM(L69) -> 1
A69: Общегосударственные вопросы | B69: 65 | C69: 2 | D69: 00 | E69: 41120 | F69: 850 | G69: 01 | J69: =SUM(J70) -> 31.1 | K69: =SUM(K70) -> 25 | L69: =SUM(L70) -> 1
A70: Функционирование Правительства Российской Федерации, высших исполнительных органов государственной власти субъектов Российской Федерации, местных администраций | B70: 65 | C70: 2 | D70: 00 | E70: 41120 | F70: 850 | G70: 01 | H70: 04 | J70: =SUM(J71) -> 31.1 | K70: =SUM(K71) -> 25 | L70: =SUM(L71) -> 1
A71: Администрация Ардатовского сельского поселения Ардатовского муниципального района | B71: 65 | C71: 2 | D71: 00 | E71: 41120 | F71: 850 | G71: 01 | H71: 04 | I71: 910 | J71: =SUM('Приложение 3'!I30) -> 31.1 | K71: =SUM('Приложение 3'!J30) -> 25 | L71: =SUM('Приложение 3'!K30) -> 1
A72: Прочая закупка товаров, работ и услуг | B72: 89 | C72: 1 | D72: 00 | E72: 42200 | F72: 240 | G72: 01 | H72: 13 | I72: 910 | J72: 10.5
A73: Прочая закупка товаров, работ и услуг | B73: 89 | C73: 1 | D73: 00 | E73: 42370 | F73: 240 | G73: 01 | H73: 13 | I73: 910 | J73: 20
A74: Закупка товаров, работ и услуг для обеспечения государственных (муниципальных) нужд в области геодезии и картографии вне рамок государственного оборонного заказа | B74: 89 | C74: 1 | D74: 00 | E74: 42370 | F74: 240 | G74: 01 | H74: 13 | I74: 910 | J74: 135
A75: Непрограммные расходы главных распорядителей средств местного бюджет | B75: 89 | J75: =SUM(J76) -> 200.4 | K75: =SUM(K76) -> 124.6 | L75: =SUM(L76) -> 24.6
A76: Непрограммные расходы в рамках обеспечения деятельности главных распорядителей средств местного бюджета | B76: 89 | C76: 1 | D76: 00 | J76: 200.4 | K76: 124.6 | L76: 24.6
A77: Доплаты к пенсиям муниципальных служащих Республики Мордовия | B77: 89 | C77: 1 | D77: 00 | E77: 03010 | J77: =SUM(J78) -> 63.7 | K77: =SUM(K78) -> 124.6 | L77: =SUM(L78) -> 24.6
A78: Социальное обеспечение и иные выплаты населению | B78: 89 | C78: 1 | D78: 00 | E78: 03010 | F78: 300 | J78: =SUM(J79) -> 63.7 | K78: =SUM(K79) -> 124.6 | L78: =SUM(L79) -> 24.6
A79: Публичные нормативные социальные выплаты гражданам | B79: 89 | C79: 1 | D79: 00 | E79: 03010 | F79: 310 | J79: =SUM(J80) -> 63.7 | K79: =SUM(K80) -> 124.6 | L79: =SUM(L80) -> 24.6
A80: Социальная политика | B80: 89 | C80: 1 | D80: 00 | E80: 03010 | F80: 310 | G80: 10 | J80: =SUM(J81) -> 63.7 | K80: =SUM(K81) -> 124.6 | L80: =SUM(L81) -> 24.6
A81: Пенсионное обеспечение | B81: 89 | C81: 1 | D81: 00 | E81: 03010 | F81: 310 | G81: 10 | H81: 01 | J81: =SUM(J82) -> 63.7 | K81: =SUM(K82) -> 124.6 | L81: =SUM(L82) -> 24.6
A82: Администрация Ардатовского сельского поселения Ардатовского муниципального района | B82: 89 | C82: 1 | D82: 00 | E82: 03010 | F82: 310 | G82: 10 | H82: 01 | I82: 910 | J82: =SUM('Приложение 3'!I71) -> 63.7 | K82: =SUM('Приложение 3'!J71) -> 124.6 | L82: =SUM('Приложение 3'!K71) -> 24.6
A83: Иные пенсии, социальные доплаты к пенсиям | B83: 89 | C83: 1 | D83: 00 | E83: 44205 | F83: 310 | G83: 10 | H83: 01 | I83: 910 | J83: 136.7
A84: Резервный фонд администрации Ардатовского сельского поселения Ардатовского муниципального района Республики Мордовия | B84: 89 | C84: 1 | D84: 00 | E84: 41180 | J84: =SUM(J85) -> 0 | K84: =SUM(K85) -> 0.1 | L84: =SUM(L85) -> 0.1
A85: Иные бюджетные ассигнования | B85: 89 | C85: 1 | D85: 00 | E85: 41180 | F85: 800 | J85: =SUM(J86) -> 0 | K85: =SUM(K86) -> 0.1 | L85: =SUM(L86) -> 0.1
A86: Резервные средства | B86: 89 | C86: 1 | D86: 00 | E86: 41180 | F86: 870 | J86: =SUM(J87) -> 0 | K86: =SUM(K87) -> 0.1 | L86: =SUM(L87) -> 0.1
A87: Общегосударственные вопросы | B87: 89 | C87: 1 | D87: 00 | E87: 41180 | F87: 870 | G87: 01 | J87: =SUM(J88) -> 0 | K87: =SUM(K88) -> 0.1 | L87: =SUM(L88) -> 0.1
A88: Резервные фонды | B88: 89 | C88: 1 | D88: 00 | E88: 41180 | F88: 870 | G88: 01 | H88: 11 | J88: =SUM(J89) -> 0 | K88: =SUM(K89) -> 0.1 | L88: =SUM(L89) -> 0.1
A89: Администрация Ардатовского сельского поселения Ардатовского муниципального района | B89: 89 | C89: 1 | D89: 00 | E89: 41180 | F89: 870 | G89: 01 | H89: 11 | I89: 910 | J89: =SUM('Приложение 3'!I39) -> 0 | K89: =SUM('Приложение 3'!J39) -> 0.1 | L89: =SUM('Приложение 3'!K39) -> 0.1
A90: Процентные платежи по муниципальному долгу | B90: 89 | C90: 1 | D90: 00 | E90: 41240 | J90: =SUM(J91) -> 2.1 | K90: =SUM(K91) -> 2.1 | L90: =SUM(L91) -> 2.1
A91: Обслуживание государственного (муниципального) долга | B91: 89 | C91: 1 | D91: 00 | E91: 41240 | F91: 700 | J91: =SUM(J92) -> 2.1 | K91: =SUM(K92) -> 2.1 | L91: =SUM(L92) -> 2.1
A92: Обслуживание муниципального долга | B92: 89 | C92: 1 | D92: 00 | E92: 41240 | F92: 730 | J92: =SUM(J93) -> 2.1 | K92: =SUM(K93) -> 2.1 | L92: =SUM(L93) -> 2.1
A93: Обслуживание государственного (муниципального) долга | B93: 89 | C93: 1 | D93: 00 | E93: 41240 | F93: 730 | G93: 13 | J93: =SUM(J94) -> 2.1 | K93: =SUM(K94) -> 2.1 | L93: =SUM(L94) -> 2.1
A94: Обслуживание государственного (муниципального) внутреннего долга | B94: 89 | C94: 1 | D94: 00 | E94: 41240 | F94: 730 | G94: 13 | H94: 01 | J94: =SUM(J95) -> 2.1 | K94: =SUM(K95) -> 2.1 | L94: =SUM(L95) -> 2.1
A95: Администрация Ардатовского сельского поселения Ардатовского муниципального района | B95: 89 | C95: 1 | D95: 00 | E95: 41240 | F95: 730 | G95: 13 | H95: 01 | I95: 910 | J95: =SUM('Приложение 3'!I79) -> 2.1 | K95: =SUM('Приложение 3'!J79) -> 2.1 | L95: =SUM('Приложение 3'!K79) -> 2.1
A96: Условно утвержденные расходы | B96: 00 | C96: 0 | D96: 00 | E96: 00000 | F96: 000 | G96: 00 | H96: 00 | I96: 000 | K96: =SUM('Приложение 3'!J80) -> 0 | L96: =SUM('Приложение 3'!K80) -> 0

Sheet Приложение 5
C1: Приложение 5 к решению Совета депутатов Ардатовского сельского поселения Ардатовского муниципального района Республики Мордовия «Об изменении бюджета Ардатовского сельского поселения Ардатовского муниципального района Республики Мордовия на 2023 год и на плановый период 2024 и 2025 годов»
A7: ИСТОЧНИКИ ВНУТРЕННЕГО ФИНАНСИРОВАНИЯ ДЕФИЦИТА БЮДЖЕТА АРДАТОВСКОГО СЕЛЬСКОГО ПОСЕЛЕНИЯ АРДАТОВСКОГО МУНИЦИПАЛЬНОГО РАЙОНА РЕСПУБЛИКИ МОРДОВИЯ НА 2023 ГОД И НА ПЛАНОВЫЙ ПЕРИОД 2024 и 2025 ГОДОВ
A9: Код | B9: Наименование кода группы, подгруппы, статьи, вида источника финансирования дефицитов бюджетов, кода классификации операций сектора государственного управления, относящихся к источникам финансирования дефицитов бюджетов Российской Федерации | C9: Сумма (тыс. руб.)
C10: 2022 год | D10: 2023 год | E10: 2024 год
A11: 1 | B11: 2 | C11: 3 | D11: 4 | E11: 5
A12: 000 01 00 00 00 00 0000 000 | B12: ИСТОЧНИКИ ВНУТРЕННЕГО ФИНАНСИРОВАНИЯ ДЕФИЦИТОВ БЮДЖЕТОВ
A13: 000 01 02 00 00 00 0000 000 | B13: Кредиты кредитных организаций в валюте Российской Федерации
A14: 000 01 02 00 00 00 0000 700 | B14: Привлечение кредитов от кредитных организаций в валюте Российской Федерации
A15: 000 01 02 00 00 13 0000 710 | B15: Привлечение сельскими поселениями кредитов от кредитных организаций в валюте Российской Федерации
A16: 000 01 03 00 00 00 0000 000 | B16: Бюджетные кредиты из других бюджетов бюджетной системы Российской Федерации | C16: 42.4 | D16: 63.6 | E16: 84.8
A17: 000 01 03 01 00 00 0000 800 | B17: Погашение бюджетных кредитов, полученных из других бюджетов бюджетной системы Российской Федерации в валюте Российской Федерации | C17: 42.4 | D17: 63.6 | E17: 84.8
A18: 000 01 03 01 00 13 0000 810 | B18: Погашение бюджетами сельских поселений кредитов из других бюджетов бюджетной системы Российской Федерации в валюте Российской Федерации | C18: 42.4 | D18: 63.6 | E18: 84.8
A19: 000 01 05 00 00 00 0000 000 | B19: Изменение остатков средств на счетах по учету средств бюджета
A20: 000 01 05 00 00 00 0000 500 | B20: Увеличение остатков средств бюджетов | C20: -2624 | D20: -1379.8 | E20: -1170.1
A21: 000 01 05 02 00 00 0000 500 | B21: Увеличение прочих остатков средств бюджетов | C21: -2624 | D21: -1379.8 | E21: -1170.1
A22: 000 01 05 02 01 00 0000 510 | B22: Увеличение прочих остатков денежных средств бюджетов | C22: -2624 | D22: -1379.8 | E22: -1170.1
A23: 000 01 05 02 01 10 0000 510 | B23: Увеличение прочих остатков денежных средств бюджетов сельских поселений | C23: -2624 | D23: -1379.8 | E23: -1170
A24: 000 01 05 00 00 00 0000 600 | B24: Уменьшение остатков средств бюджетов | C24: 2623.8 | D24: 1266.9 | E24: 1085.3
A25: 000 01 05 02 00 00 0000 600 | B25: Уменьшение прочих остатков средств бюджетов | C25: 2623.8 | D25: 1316.2 | E25: 1085.3
A26: 000 01 05 02 01 00 0000 610 | B26: Уменьшение прочих остатков денежных средств бюджетов | C26: 2623.8 | D26: 1316.2 | E26: 1085.03
A27: 000 01 05 02 01 10 0000 610 | B27: Уменьшение прочих остатков денежных средств бюджетов сельских поселений | C27: 2623.8 | D27: 1316.2 | E27: 1085.3
A28: 000 01 06 05 00 00 0000 000 | B28: Итого источников внутреннего финансирования дефицита бюджета сельского поселения | C28: =SUM(C29:C30) -> 42.4 | D28: =SUM(D29:D30) -> 63.6 | E28: 84.8
A29: 000 01 00 00 00 00 0000 000 | B29: Привлечение средств | C29: =C13 -> 0 | D29: =D13 -> 0
B30: Погашение основной суммы задолженности | C30: =C17 -> 42.4 | D30: =D17 -> 63.6 | E30: 84.8

Sheet Приложение6
F1: Приложение 6 к решению Совета депутатов Ардатовского сельского поселения Ардатовского муниципального района Республики Мордовия «Об изменении бюджета Ардатовского сельского поселения Ардатовского муниципального района Республики Мордовия на 2023 год и на плановый период 2024 и 2025 годов»
A8: ПРОГРАММА МУНИЦИПАЛЬНЫХ ВНУТРЕННИХ ЗАИМСТВОВАНИЙ АРДАТОВСКОГО СЕЛЬСКОГО ПОСЕЛЕНИЯ АРДАТОВСКОГО МУНИЦИПАЛЬНОГО РАЙОНА РЕСПУБЛИКИ МОРДОВИЯ НА 2023ГОД И НА ПЛАНОВЫЙ ПЕРИОД 2024 И 2025 ГОДОВ
A10: № п/п | B10: Виды заимствований | F10: Сумма (тыс. рублей)
F11: 2023 год | G11: 2024 год | I11: 2025 год
A12: I | B12: Привлечение средств для финансирования дефицита бюджета и погашения долговых обязательств
A13: 1 | B13: Получение кредитов от российских кредитных организаций
A14: 2 | B14: Получение бюджетных кредитов из других бюджетов бюджетной системы Российской Федерации
B15: ИТОГО
A16: II | B16: Направления расходования привлеченных средств | F16: =F12 -> 0 | G16: =G12 -> 0 | I16: =I12 -> 0
A17: 1 | B17: Погашение бюджетных кредитов | F17: -42.4 | G17: -63.6 | I17: -84.8
B18: в том числе:
A19: 1.1 | B19: Погашение бюджетного кредита,предоставленного из районного бюджета | F19: -42.4 | G19: -63.6 | I19: -84.8
A20: 2 | B20: Погашение прочих заимствований
A21: 3 | B21: Финансирование дефицита бюджета | F21: =F16-F17 -> 42.4 | G21: =G16-G17 -> 63.6 | I21: =I16-I17 -> 84.8
B22: ВСЕГО | F22: =F12 -> 0 | G22: =G12 -> 0 | I22: =I12 -> 0
